[Event "Titled Tuesday Blitz August 15 Early 2023"]
[White "Afanasieva, Alexandra"]
[Black "Altman, Joshua"]
[WhiteFideId "34126926"]
[BlackFideId "426210"]
[WhiteElo "2334"]
[BlackElo "2589"]
[Result "1/2-1/2"]
[Round "6"]
[TimeControl "180+1"]
[Date "2023.08.15"]
[WhiteClock "0:00:07"]
[BlackClock "0:00:05"]
[Board "89"]

1. e4 e6 2. d4 d5 3. Nc3 Nf6 4. Bg5 dxe4 5. Nxe4 Nbd7 6. Nf3 Be7 7. Nxf6+ Nxf6 8. Bd3 b6 9. Bxf6 Bxf6 10. Be4 Rb8 11. Qd3 h6 12. O-O O-O 13. c4 c5 14. Rfd1 Ba6 15. b3 Qc7 16. Rac1 Rfd8 17. d5 exd5 18. Bxd5 Bb7 19. Re1 Rd6 20. Rcd1 Rbd8 21. Qe4 Re6 22. Qd3 Rxe1+ 23. Nxe1 Bxd5 24. cxd5 Bd4 25. Qe4 Qd6 26. Nf3 Qxd5 27. Qxd5 Rxd5 28. Kf1 Kf8 29. Ke2 Ke7 30. Nxd4 cxd4 31. Kd3 Kd6 32. Rc1 Rc5 33. Re1 Rc3+ 34. Kd2 b5 35. Re8 b4 36. Rb8 a5 37. Rb5 Rc5 38. Rb6+ Kd5 39. Rb7 Ke4 40. Re7+ Kd5 41. Rxf7 g5 42. Rf5+ Kd6 43. Rxc5 Kxc5 44. Kd3 Kd5 45. f3 h5 46. g3 Ke5 47. h3 h4 48. gxh4 gxh4 49. Ke2 Kf4 50. Kd3 Kxf3 51. Kxd4 Kg3 52. Ke3 Kxh3 53. Kf3 Kh2 54. Kf2 Kh3 55. Kf3 Kh2 56. Kf2 Kh1 57. Kf1 Kh2 58. Kf2 1/2-1/2


[Site "https://www.chess.com"]

[Event "Titled Tuesday Blitz August 15 Early 2023"]
[White "rionelG"]
[Black "Musovic, Armin"]
[BlackFideId "939935"]
[WhiteElo "2332"]
[BlackElo "2587"]
[Result "1-0"]
[Round "6"]
[TimeControl "180+1"]
[Date "2023.08.15"]
[WhiteClock "0:00:16"]
[BlackClock "0:00:21"]
[Board "90"]

1. e4 c6 2. d4 d5 3. e5 c5 4. dxc5 Nc6 5. Nf3 Bg4 6. c3 Qc7 7. Nbd2 e6 8. Qa4 Bxf3 9. Nxf3 Bxc5 10. c4 Ne7 11. Bd3 Bb4+ 12. Kf1 O-O 13. a3 Bc5 14. b4 Bd4 15. Nxd4 Nxd4 16. Bb2 Qxe5 17. Rd1 dxc4 18. Bxd4 Qc7 19. Qc2 Ng6 20. Qxc4 Qf4 21. Be3 Qf6 22. g3 Rac8 23. Qd4 Qf3 24. Bxg6 Qxh1+ 25. Ke2 Qxh2 26. Be4 Rfd8 27. Qxd8+ Rxd8 28. Rxd8# 1-0


[Site "https://www.chess.com"]

[Event "Titled Tuesday Blitz August 15 Early 2023"]
[White "Onufrienko, Vladislav"]
[Black "Goswami, Vedant"]
[WhiteFideId "13804332"]
[BlackFideId "5003725"]
[WhiteElo "2576"]
[BlackElo "2330"]
[Result "1-0"]
[Round "6"]
[TimeControl "180+1"]
[Date "2023.08.15"]
[WhiteClock "0:00:02"]
[BlackClock "0:00:00"]
[Board "91"]

1. e4 e5 2. Nf3 d6 3. d4 Nd7 4. Bc4 c6 5. Nc3 Be7 6. O-O Ngf6 7. Re1 O-O 8. a4 Qc7 9. h3 b6 10. Bg5 Bb7 11. Bb3 a6 12. d5 Nc5 13. Bc4 Rfe8 14. b4 Ncd7 15. Bb3 c5 16. b5 a5 17. Bc4 Nf8 18. Nd2 Ng6 19. Bf1 h6 20. Be3 Nh7 21. Nc4 Bg5 22. Ne2 Bxe3 23. fxe3 Bc8 24. Ng3 Rb8 25. Be2 Qe7 26. Bg4 Nf6 27. Bf5 Nh4 28. Rf1 Bb7 29. Qd3 g6 30. Bg4 Nxg4 31. hxg4 Bc8 32. Rf2 Rd8 33. Raf1 Rf8 34. Qe2 Qg5 35. Nxd6 Bxg4 36. Qe1 Bd7 37. Rxf7 Rxf7 38. Rxf7 Bg4 39. Qf2 Rd8 40. Nc4 Bf3 41. Rxf3 Nxf3+ 42. Qxf3 Rf8 43. Nf5 gxf5 44. d6 f4 45. d7 Qe7 46. exf4 Qxd7 47. Nxe5 Qg7 48. c3 Rd8 49. Kh2 Re8 50. Ng4 Kh8 51. e5 Rg8 52. Nf6 1-0


[Site "https://www.chess.com"]

[Event "Titled Tuesday Blitz August 15 Early 2023"]
[White "Trifan, Andrei Ioan"]
[Black "Mikhaylova, Irina"]
[WhiteFideId "12967068"]
[BlackFideId "4109040"]
[WhiteElo "2573"]
[BlackElo "2313"]
[Result "1/2-1/2"]
[Round "6"]
[TimeControl "180+1"]
[Date "2023.08.15"]
[WhiteClock "0:00:17"]
[BlackClock "0:00:14"]
[Board "92"]

1. e4 c5 2. Nf3 Nc6 3. c3 d5 4. e5 Bg4 5. d4 e6 6. Be2 Nge7 7. O-O Nf5 8. Be3 Qb6 9. dxc5 Qxb2 10. Qa4 Qxe2 11. Qxg4 Nxe3 12. fxe3 Bxc5 13. Re1 Qb2 14. Nbd2 O-O 15. Nb3 Qa3 16. c4 Rad8 17. Rac1 d4 18. Nxc5 Qxc5 19. exd4 Nxd4 20. Kh1 Nxf3 21. Qxf3 Rd4 22. Qxb7 Rxc4 23. Rxc4 Qxc4 24. Qxa7 Qc3 25. Qf2 h6 26. h3 Ra8 27. Re2 Ra5 28. Rc2 Qa1+ 29. Qg1 Qxe5 30. Rc8+ Kh7 31. Qb1+ g6 32. Rc2 Qf5 33. Qb2 Rb5 34. Qc1 Qe5 35. Rf2 Qc5 36. Rxf7+ Kg8 37. Qf1 Rb8 38. Rf6 Qc2 39. Rf2 Rb1 40. Rxc2 Rxf1+ 41. Kh2 Ra1 42. Rc8+ Kg7 43. Rc7+ Kf6 44. Rc2 h5 45. Kg3 Kg5 46. h4+ Kh6 47. Kf3 e5 48. Ke4 Re1+ 49. Kd5 e4 50. a4 e3 51. Ra2 e2 52. Ke4 Rh1 53. Rxe2 Rxh4+ 54. Kf3 Rxa4 55. g3 Ra5 56. Re8 Rf5+ 57. Kg2 Kg5 58. Ra8 Rf6 59. Ra5+ Rf5 60. Ra4 Rf6 61. Ra5+ Rf5 62. Ra4 Rf6 63. Kh3 Rf5 64. Ra8 Rf6 65. Ra1 Rf5 66. Re1 Rf6 67. Re4 Rf5 68. Rd4 Rf6 69. Rd5+ Rf5 70. Rd8 Rf6 71. Rd5+ Rf5 72. Rd4 Rf6 73. Kg2 Rf5 74. Rc4 Rf6 75. Rd4 Rf5 76. Rc4 Rf6 77. Rd4 1/2-1/2


[Site "https://www.chess.com"]

[Event "Titled Tuesday Blitz August 15 Early 2023"]
[White "Pax-Pramana"]
[Black "slimshady"]
[WhiteElo "2565"]
[BlackElo "2297"]
[Result "1-0"]
[Round "6"]
[TimeControl "180+1"]
[Date "2023.08.15"]
[WhiteClock "0:00:48"]
[BlackClock "0:01:18"]
[Board "93"]

1. e4 c5 2. Ne2 d6 3. g3 Nf6 4. Bg2 g6 5. O-O Bg7 6. c3 O-O 7. d4 cxd4 8. cxd4 Nc6 9. Nbc3 Bd7 10. h3 Rc8 11. Be3 a6 12. a4 Nb4 13. a5 e5 14. d5 Bb5 15. Nxb5 axb5 16. Nc3 Qd7 17. Qb3 Rc4 18. Rfc1 Rfc8 19. Bf1 Nh5 20. Bxc4 Rxc4 21. Kh2 f5 22. Ne2 f4 23. Rxc4 bxc4 24. Qxb4 fxe3 25. fxe3 Qf7 26. Kg2 Bh6 27. Rf1 Qe7 28. Rf3 Qc7 29. g4 Ng7 30. Nc3 Bg5 31. Nb5 Qc8 1-0


[Site "https://www.chess.com"]

[Event "Titled Tuesday Blitz August 15 Early 2023"]
[White "Postlmayer, Jakob"]
[Black "bteillet"]
[WhiteFideId "1643622"]
[WhiteElo "2558"]
[BlackElo "2268"]
[Result "0-1"]
[Round "6"]
[TimeControl "180+1"]
[Date "2023.08.15"]
[WhiteClock "0:00:53"]
[BlackClock "0:00:34"]
[Board "94"]

1. e4 d6 2. d4 Nf6 3. Nc3 g6 4. Be3 Bg7 5. h3 c6 6. g4 Qa5 7. Bg2 e5 8. Ne2 b5 9. a3 Nbd7 10. O-O O-O 11. Qd2 Bb7 12. f4 exf4 13. Bxf4 Qc7 14. Rf2 a6 15. Raf1 c5 16. dxc5 Nxc5 17. Qxd6 Qc8 18. e5 Nfe4 19. Nxe4 Bxe4 20. Be3 Bxg2 21. Rxg2 Ne4 22. Qd3 Qc6 23. Bd4 Rad8 24. Qb3 Nd2 25. Qc3 Qxc3 26. Bxc3 Nxf1 27. Kxf1 Rfe8 0-1


[Site "https://www.chess.com"]

[Event "Titled Tuesday Blitz August 15 Early 2023"]
[White "EvgenyBurmakin"]
[Black "Starozhilov, Leonid"]
[BlackFideId "14106752"]
[WhiteElo "2272"]
[BlackElo "2697"]
[Result "1-0"]
[Round "6"]
[TimeControl "180+1"]
[Date "2023.08.15"]
[WhiteClock "0:00:17"]
[BlackClock "0:00:02"]
[Board "95"]

1. e4 g6 2. d4 Bg7 3. Nc3 d6 4. Be3 a6 5. h4 h5 6. f3 b5 7. a3 Nd7 8. Qd2 c5 9. dxc5 Nxc5 10. Bxc5 dxc5 11. Qxd8+ Kxd8 12. O-O-O+ Kc7 13. Nd5+ Kc6 14. a4 bxa4 15. Bc4 e6 16. Nc3 a3 17. Na4 axb2+ 18. Nxb2 Rb8 19. Nd3 Ne7 20. Ne2 Rd8 21. Ne5+ Kc7 22. Rxd8 Kxd8 23. Nxf7+ Ke8 24. Nd6+ Kd7 25. Nxc8 Kxc8 26. Bxe6+ Kc7 27. Kd2 Nc6 28. Rd1 Nd4 29. Nxd4 Bxd4 30. Kd3 Rb2 31. c3 Be5 32. Rd2 Rxd2+ 33. Kxd2 Bg3 34. Bf7 Bxh4 35. Bxg6 Bg5+ 36. Kd3 h4 37. Kc4 Kd6 38. Be8 Bf4 39. Bh5 Be5 40. Bg4 Bf4 41. Bc8 Be5 42. Bxa6 Bf4 43. Bc8 Be3 44. Kd3 Bf4 45. Kc4 Be3 46. Bh3 Ke5 47. Kb5 Bd2 48. c4 Be3 49. Kc6 Bd4 50. Kd7 Be3 51. Ke7 Bg5+ 52. Kf7 Bf4 53. Kg6 Kd4 54. Be6 Ke5 55. Bd5 Be3 56. Kh5 Bf2 57. Kg4 Bg3 58. Bb7 Kd4 59. Bd5 Ke5 60. f4+ Bxf4 61. Kxh4 Kf6 62. Kh5 Be5 63. g4 Bf4 64. Bc6 Be3 65. g5+ Ke5 66. g6 Kf6 67. Bd5 Bd4 68. Bf7 Kg7 69. Kg5 Kf8 70. Kf5 Ke7 71. e5 Bc3 72. Ke4 Kf8 73. Kd5 Bd4 74. Kd6 Kg7 75. e6 Kf8 76. e7+ 1-0


[Site "https://www.chess.com"]

[Event "Titled Tuesday Blitz August 15 Early 2023"]
[White "Yashmetov, Mikhail"]
[Black "Veiga, Jose Francisco R P Neves"]
[WhiteFideId "24198900"]
[BlackFideId "1930087"]
[WhiteElo "2489"]
[BlackElo "2676"]
[Result "0-1"]
[Round "6"]
[TimeControl "180+1"]
[Date "2023.08.15"]
[WhiteClock "0:00:00"]
[BlackClock "0:00:20"]
[Board "96"]

1. d4 Nf6 2. c4 e6 3. g3 c5 4. d5 exd5 5. cxd5 d6 6. Nc3 g6 7. Bg2 Bg7 8. Nf3 O-O 9. O-O Na6 10. Nd2 Nc7 11. Nc4 b5 12. Nxd6 Qxd6 13. Bf4 Qb6 14. d6 Ncd5 15. Nxd5 Nxd5 16. Qxd5 Be6 17. Qxa8 Rxa8 18. Bxa8 g5 19. Bxg5 Be5 20. Rfd1 Bxd6 21. Bf6 h6 22. Rd2 Bc7 23. Rad1 Bf5 24. h4 Qxf6 25. Bf3 Kg7 26. b3 a5 27. Rd5 c4 28. bxc4 bxc4 29. Rc5 Bb6 30. Rxc4 Be6 31. Rf4 Qb2 32. a4 Bc7 33. Re4 Bb6 34. Rf1 Bc5 35. Kg2 Bb4 36. Rd1 Qc2 37. Rdd4 Qxa4 38. Bg4 Bxg4 39. Rxg4+ Kf8 40. Rd8+ Ke7 41. Ra8 Qc6+ 0-1


[Site "https://www.chess.com"]

[Event "Titled Tuesday Blitz August 15 Early 2023"]
[White "Mendez Fortes, Eduardo Jesus"]
[Black "RrainlessBobot"]
[WhiteFideId "3502376"]
[WhiteElo "2610"]
[BlackElo "2467"]
[Result "0-1"]
[Round "6"]
[TimeControl "180+1"]
[Date "2023.08.15"]
[WhiteClock "0:00:57"]
[BlackClock "0:00:21"]
[Board "98"]

1. e4 Nf6 2. e5 Nd5 3. d4 d6 4. Nf3 dxe5 5. Nxe5 c6 6. Bc4 g6 7. Nd2 Bg7 8. Ndf3 O-O 9. Qe2 Nd7 10. Bxd5 cxd5 11. O-O Nf6 12. h3 Ne4 13. c3 a5 14. Bf4 a4 15. a3 b6 16. Nc6 Qd7 17. Nb4 Bb7 18. Rfe1 Rfe8 19. Bh2 f6 20. Rad1 Bc6 21. Qe3 Bb7 22. Nd2 Nd6 23. Qe6+ Qxe6 24. Rxe6 Kf7 25. Rde1 Bc8 26. R6e2 Bb7 27. Bxd6 exd6 28. Rxe8 Rxe8 29. Rxe8 Kxe8 30. Nf1 Kd7 31. Ne3 Ke6 32. f4 f5 33. Kf2 Bf6 34. Kf3 g5 35. g4 fxg4+ 36. hxg4 gxf4 37. Kxf4 h6 38. Kf3 Bg5 39. Nd3 b5 40. Nf4+ Kd7 41. Kg3 Bc6 42. Nexd5 Bxd5 43. Nxd5 Bc1 44. Kf3 Bxb2 45. Ke4 Bxa3 46. Kd3 Bc1 47. Kc2 Bg5 48. Kd3 Kc6 49. Nb4+ Kd7 50. c4 bxc4+ 51. Kxc4 a3 52. Kb3 Bc1 53. Nd3 Bb2 54. Nxb2 axb2 55. Kxb2 Kc6 56. Kc3 Kb5 57. Kb3 d5 58. Kc3 Ka4 59. Kd3 Kb4 60. Ke3 Kc4 61. Kf4 Kxd4 62. Kf5 Ke3 63. Kg6 Kf4 64. Kxh6 Kxg4 65. Kg6 Kf4 66. Kf6 Ke4 67. Kg5 d4 68. Kg4 Ke3 69. Kg3 Ke2 70. Kg2 d3 71. Kg3 d2 72. Kf4 d1=Q 73. Ke4 Qd3+ 74. Kf4 Qe3+ 75. Kf5 Kd3 76. Kf6 Kd4 77. Kg7 Kd5 78. Kh8 Kd6 79. Kg8 Qg5+ 80. Kh8 Qe7 81. Kg8 Ke6 82. Kh8 Kf6 83. Kg8 Kg6 84. Kh8 Qg7# 0-1


[Site "https://www.chess.com"]

[Event "Titled Tuesday Blitz August 15 Early 2023"]
[White "Belov, Alexei"]
[Black "Liu, Casper"]
[WhiteFideId "4128206"]
[BlackFideId "1454153"]
[WhiteElo "2608"]
[BlackElo "2464"]
[Result "1-0"]
[Round "6"]
[TimeControl "180+1"]
[Date "2023.08.15"]
[WhiteClock "0:00:53"]
[BlackClock "0:01:44"]
[Board "99"]

1. e4 c5 2. Nf3 d6 3. d4 cxd4 4. Nxd4 Nf6 5. Nc3 Nc6 6. Be2 e5 7. Nb3 Be6 8. O-O Be7 9. f4 exf4 10. Bxf4 d5 11. e5 Nd7 12. Nxd5 Ndxe5 13. Nxe7 Qxe7 14. Qe1 O-O 15. Qg3 Bc4 16. Rae1 Bxb3 17. axb3 Rad8 18. c3 Ng6 19. Bg5 Qc5+ 20. Kh1 Rd5 21. Be3 Qd6 22. Qxd6 Rxd6 23. Bc5 Rfd8 24. Bxd6 Rxd6 25. Rd1 Re6 26. Bc4 Re7 27. Rfe1 Nge5 28. Bd5 g6 29. b4 Rd7 30. b5 Ng4 31. bxc6 bxc6 32. Bf3 Nf2+ 33. Kg1 Nxd1 34. Rxd1 Rb7 35. Rd2 Rb6 36. b4 Kg7 37. Rd6 a5 38. Rxc6 1-0


[Site "https://www.chess.com"]

[Event "Titled Tuesday Blitz August 15 Early 2023"]
[White "Bodnaruk, Anastasia"]
[Black "Spichkin, Alexander"]
[WhiteFideId "4181751"]
[BlackFideId "4144074"]
[WhiteElo "2608"]
[BlackElo "2458"]
[Result "0-1"]
[Round "6"]
[TimeControl "180+1"]
[Date "2023.08.15"]
[WhiteClock "0:00:00"]
[BlackClock "0:00:09"]
[Board "100"]

1. e4 e5 2. Nf3 d5 3. Nxe5 Bd6 4. d4 dxe4 5. Nc4 Nf6 6. Be2 O-O 7. O-O Nc6 8. Nxd6 Qxd6 9. c3 Nd5 10. Na3 f5 11. Nc4 Qe7 12. f4 Be6 13. Ne3 Rad8 14. Nxd5 Bxd5 15. Be3 a6 16. Qa4 Qf7 17. c4 b5 18. cxb5 axb5 19. Bxb5 Ra8 20. Qd1 Nb4 21. a3 Nd3 22. Qd2 c6 23. Bxd3 exd3 24. Rfc1 Be4 25. b4 Rfb8 26. a4 Qb7 27. Rcb1 Qd7 28. a5 Rb5 29. a6 Qc8 30. Ra5 Rxa6 31. Rba1 Raxa5 32. bxa5 Qa6 33. Qc3 h6 34. h3 Kh7 35. Kh2 Kg6 36. Bd2 Kh7 37. Ra4 c5 38. Be3 Qg6 39. Ra2 cxd4 40. Bxd4 Bd5 41. Rd2 Qd6 42. Be5 Qg6 43. Rb2 Be4 44. Rd2 Rb1 45. a6 Rb6 46. a7 Ra6 47. Bd4 h5 48. g3 h4 49. gxh4 Qh5 50. Rf2 Qd1 51. Kg3 Qg1+ 0-1


[Site "https://www.chess.com"]

[Event "Titled Tuesday Blitz August 15 Early 2023"]
[White "Zavgorodniy, Sergiy"]
[Black "slidingknight2775"]
[WhiteFideId "14110148"]
[WhiteElo "2582"]
[BlackElo "2457"]
[Result "1-0"]
[Round "6"]
[TimeControl "180+1"]
[Date "2023.08.15"]
[WhiteClock "0:00:27"]
[BlackClock "0:00:05"]
[Board "101"]

1. d4 Nf6 2. c4 e6 3. Nf3 d5 4. e3 dxc4 5. Bxc4 a6 6. O-O b5 7. Bd3 Bb7 8. Qe2 Nbd7 9. a4 b4 10. Nbd2 c5 11. b3 Be7 12. Bb2 O-O 13. Nc4 Rc8 14. Rac1 h6 15. Rfd1 Qc7 16. Nfe5 Qb8 17. Na5 Rc7 18. Nxb7 Qxb7 19. Bxa6 Qa8 20. Bb5 Nxe5 21. dxe5 Nd5 22. e4 Nf4 23. Qe3 Ng6 24. f4 Rfc8 25. g3 c4 26. Bxc4 Bc5 27. Bd4 Bxd4 28. Rxd4 Qa7 29. Kf2 Ne7 30. Rcd1 Nc6 31. Rd7 Rxd7 32. Qxa7 Rxd1 33. Qb7 Rdd8 34. Bb5 Na5 35. Qb6 Nxb3 36. Ba6 Rb8 37. Qc7 Nd2 38. Bb5 Nxe4+ 39. Kf3 Nc3 40. Bc4 Nxa4 41. f5 Nb6 42. Bb3 Nd5 43. Qa5 Rbc8 44. fxe6 fxe6 45. Kg4 Kh8 46. Kh5 Ne7 47. Bxe6 Nc6 48. Qb6 Nxe5 49. Bxc8 Rxc8 50. Qxb4 Nf7 51. Kg6 Kg8 52. Qb3 Rc6+ 53. Kh5 Rf6 54. h4 Kh7 55. Qd3+ Kg8 56. Qb1 Rf5+ 57. Qxf5 Nd6 58. Qe6+ Nf7 59. Kg6 Kh8 60. Qxf7 h5 61. Qf8# 1-0


[Site "https://www.chess.com"]

[Event "Titled Tuesday Blitz August 15 Early 2023"]
[White "Aggelis, Nikolaos"]
[Black "Nathan, Nitish"]
[WhiteFideId "4213220"]
[BlackFideId "30927870"]
[WhiteElo "2571"]
[BlackElo "2441"]
[Result "1/2-1/2"]
[Round "6"]
[TimeControl "180+1"]
[Date "2023.08.15"]
[WhiteClock "0:00:20"]
[BlackClock "0:01:25"]
[Board "102"]

1. c4 c6 2. Nf3 d5 3. cxd5 cxd5 4. d4 Nc6 5. Nc3 Nf6 6. Bf4 a6 7. h3 Bf5 8. Nh4 Bd7 9. e3 e6 10. Nf3 Bb4 11. Bd3 O-O 12. O-O Rc8 13. Rc1 Na5 14. Ne5 Be7 15. Qe2 b5 16. b3 Nc6 17. Nxc6 Bxc6 18. Rc2 Bb7 19. Nb1 Qd7 20. Rfc1 Rxc2 21. Rxc2 Rc8 22. Rxc8+ Qxc8 23. Qc2 Qxc2 24. Bxc2 Kf8 25. g4 h6 26. Bc7 Ke8 27. f4 Kd7 28. Ba5 Ne8 29. Kf2 Nd6 30. Nd2 Bh4+ 31. Ke2 f5 32. Nf3 Bf6 33. g5 hxg5 34. fxg5 Be7 35. Ne5+ Ke8 36. h4 Nf7 37. Ng6 Bd6 38. a4 Bc6 39. Bd3 bxa4 40. bxa4 Bxa4 41. Bxa6 e5 42. Bc8 Bd7 43. Bb7 Be6 44. dxe5 Nxe5 45. Nf4 Kf7 46. Bxd5 Bxd5 47. Nxd5 g6 48. Bc3 Ng4 49. Nf4 Bxf4 50. exf4 Kg8 51. Kd3 Kh7 52. Bd4 Nh2 53. Ke2 Ng4 54. Bg1 Kg8 55. Kd3 Kf7 56. Kd4 Ke6 57. Kc5 Ke7 58. Kd5 Kd7 59. Bc5 Nh2 60. Ke5 Ng4+ 61. Kd5 Nh2 62. Bf2 Ng4 63. Bg1 Ke7 64. Kc6 Ke6 65. Kc5 Ke7 66. Kd5 Kd7 67. Kc5 Ke7 1/2-1/2


[Site "https://www.chess.com"]

[Event "Titled Tuesday Blitz August 15 Early 2023"]
[White "Ben Artzi, Ido"]
[Black "Przybylski, Wojciech"]
[WhiteFideId "2810913"]
[BlackFideId "1117599"]
[WhiteElo "2455"]
[BlackElo "2569"]
[Result "1/2-1/2"]
[Round "6"]
[TimeControl "180+1"]
[Date "2023.08.15"]
[WhiteClock "0:00:11"]
[BlackClock "0:00:11"]
[Board "103"]

1. d4 Nf6 2. c4 e6 3. Nc3 Bb4 4. Qc2 O-O 5. Nf3 d5 6. cxd5 Qxd5 7. e3 c5 8. dxc5 Qxc5 9. Bd2 Nc6 10. Bd3 Rd8 11. O-O e5 12. Rfd1 Bg4 13. Rac1 Bxc3 14. Bxc3 Bxf3 15. gxf3 h6 16. a3 a5 17. Bf5 Ne7 18. Bh3 Ng6 19. Qa4 b5 20. Rxd8+ Rxd8 21. Qxa5 Rd6 22. Qb4 Qd5 23. e4 Qd3 24. Bf1 Qxf3 25. Qxd6 Nf4 26. Bxe5 Qg4+ 27. Kh1 Qf3+ 28. Kg1 Qg4+ 29. Kh1 Nxe4 30. Qd4 Qf3+ 31. Kg1 Qg4+ 32. Kh1 Qf3+ 33. Kg1 Qg4+ 34. Kh1 1/2-1/2


[Site "https://www.chess.com"]

[Event "Titled Tuesday Blitz August 15 Early 2023"]
[White "Toktomushev, Teimur"]
[Black "Yelisieiev, Yevhenii"]
[WhiteFideId "14176726"]
[BlackFideId "14139642"]
[WhiteElo "2435"]
[BlackElo "2556"]
[Result "1/2-1/2"]
[Round "6"]
[TimeControl "180+1"]
[Date "2023.08.15"]
[WhiteClock "0:00:03"]
[BlackClock "0:00:11"]
[Board "104"]

1. d4 d6 2. c4 e5 3. Nf3 Nd7 4. Nc3 Ngf6 5. g3 Be7 6. Bg2 O-O 7. O-O c6 8. Qc2 Re8 9. Rd1 Qc7 10. b3 Bf8 11. Ba3 e4 12. Nd2 d5 13. Bxf8 Nxf8 14. Rdc1 Qe7 15. Nf1 Be6 16. Ne3 Red8 17. Rab1 dxc4 18. bxc4 Rxd4 19. Nxe4 Nxe4 20. Bxe4 Rad8 21. Rd1 Bc8 22. Bf3 Qc5 23. Rxd4 Rxd4 24. Rd1 Ne6 25. h4 Rxd1+ 26. Qxd1 Nd4 27. Bg2 g6 28. Qd3 Be6 29. Qe4 Nxe2+ 30. Kh2 Nd4 31. Qf4 Kg7 32. Qc7 Nf5 33. Nxf5+ Qxf5 34. Qxb7 Bxc4 35. Qxc6 Bxa2 36. Qc3+ Qf6 37. Qd2 Be6 38. Kg1 Qa1+ 39. Kh2 a5 40. h5 gxh5 41. Qg5+ Kf8 42. Qd8+ Kg7 43. Qg5+ Kf8 44. Qd8+ Kg7 45. Qg5+ 1/2-1/2


[Site "https://www.chess.com"]

[Event "Titled Tuesday Blitz August 15 Early 2023"]
[White "Shohat, Yotam"]
[Black "Shapiro, Viktor"]
[WhiteFideId "2813955"]
[BlackFideId "4175700"]
[WhiteElo "2433"]
[BlackElo "2550"]
[Result "0-1"]
[Round "6"]
[TimeControl "180+1"]
[Date "2023.08.15"]
[WhiteClock "0:00:03"]
[BlackClock "0:01:54"]
[Board "105"]

1. e4 Nf6 2. e5 Nd5 3. d4 d6 4. Nf3 Bg4 5. Be2 e6 6. O-O Be7 7. c4 Nb6 8. Nc3 O-O 9. h3 Bh5 10. exd6 cxd6 11. Be3 d5 12. c5 Bxf3 13. Bxf3 Nc8 14. b4 Nc6 15. a3 Bf6 16. Qd2 N8e7 17. Bg4 g6 18. Nb5 h5 19. Be2 Nf5 20. Bd3 Nfxd4 21. Nxd4 Nxd4 22. Bxg6 Nb3 23. Qd3 fxg6 24. Qxg6+ Bg7 25. Rab1 Rf6 26. Qxh5 d4 27. Bg5 Qd5 28. Rxb3 Qxb3 29. Bxf6 Bxf6 30. Qg6+ Bg7 31. Qe4 Qd5 32. Qd3 e5 33. f3 Bh6 34. Qg6+ Bg7 35. Re1 Rd8 36. Re4 d3 37. Rg4 Qd7 38. Rh4 d2 39. Qh7+ Kf8 0-1


[Site "https://www.chess.com"]

[Event "Titled Tuesday Blitz August 15 Early 2023"]
[White "ExchangeAB"]
[Black "Thecourseoisildur"]
[WhiteElo "2419"]
[BlackElo "2547"]
[Result "0-1"]
[Round "6"]
[TimeControl "180+1"]
[Date "2023.08.15"]
[WhiteClock "0:00:14"]
[BlackClock "0:00:44"]
[Board "106"]

1. d4 Nf6 2. Nc3 d5 3. Bf4 e6 4. e3 Bb4 5. Bd3 c5 6. dxc5 Nbd7 7. Ne2 a6 8. a3 Bxc5 9. e4 d4 10. Nb1 e5 11. Bg3 O-O 12. c3 b5 13. cxd4 Bxd4 14. Nxd4 exd4 15. O-O Bb7 16. Nd2 Nc5 17. Qf3 Re8 18. Rfe1 Nfd7 19. b4 Ne6 20. Qh5 g6 21. Qh6 Rc8 22. Rac1 Rc3 23. Bb1 Rxa3 24. f4 Nf6 25. Bh4 Ng4 26. Bxd8 Nxh6 27. Bb6 Nxf4 28. Bxd4 Rd8 29. Bb2 Rxd2 30. Bxa3 Rxg2+ 31. Kf1 Ng4 32. Red1 Ne3+ 33. Ke1 Re2# 0-1


[Site "https://www.chess.com"]

[Event "Titled Tuesday Blitz August 15 Early 2023"]
[White "Williams, Simon K"]
[Black "Lorenzo De La Riva, Lazaro"]
[WhiteFideId "404454"]
[BlackFideId "2268809"]
[WhiteElo "2545"]
[BlackElo "2419"]
[Result "1-0"]
[Round "6"]
[TimeControl "180+1"]
[Date "2023.08.15"]
[WhiteClock "0:00:06"]
[BlackClock "0:00:00"]
[Board "107"]

1. e4 c5 2. Nf3 Nc6 3. b4 cxb4 4. d4 d5 5. exd5 Qxd5 6. c4 Qe4+ 7. Be2 Qg6 8. O-O Bh3 9. Nh4 Qf6 10. gxh3 Qxh4 11. d5 O-O-O 12. Bg4+ e6 13. Qa4 Ne5 14. Qxa7 Nxg4 15. Bf4 e5 16. Bg3 Qxh3 17. Nc3 Bd6 18. Nb5 Bb8 19. Qc5+ Kd7 20. d6 N8f6 21. Qb6 Ke6 22. Rfe1 Kf5 23. Qc5 Kg6 24. Qxb4 h5 25. Qb1+ Kh6 26. Rxe5 Nxe5 27. Bxe5 Ng4 28. Qf5 Qh4 29. Bf4+ g5 30. Bg3 Qh3 31. Re1 Rhg8 32. Re7 Rdf8 33. Nd4 1-0


[Site "https://www.chess.com"]

[Event "Titled Tuesday Blitz August 15 Early 2023"]
[White "Gheorghiu, Calin"]
[Black "Santos Flores, Alberto"]
[WhiteFideId "1200305"]
[BlackFideId "3601234"]
[WhiteElo "2417"]
[BlackElo "2543"]
[Result "1-0"]
[Round "6"]
[TimeControl "180+1"]
[Date "2023.08.15"]
[WhiteClock "0:00:36"]
[BlackClock "0:00:30"]
[Board "108"]

1. e4 e6 2. d4 d5 3. Nc3 Nf6 4. e5 Nfd7 5. f4 c5 6. Nf3 Nc6 7. Be3 Qb6 8. a3 cxd4 9. Nxd4 a6 10. Na4 Qc7 11. Qd2 b5 12. Nc3 Nxd4 13. Bxd4 Bb7 14. Bd3 Nc5 15. O-O Nxd3 16. cxd3 Bc5 17. Bxc5 Qxc5+ 18. d4 Qe7 19. f5 exf5 20. Rxf5 O-O 21. Raf1 Rac8 22. Ne2 Rc4 23. Ng3 Qc7 24. Nh5 h6 25. Nf6+ Kh8 26. Rh5 Rc8 27. Rxh6+ gxh6 28. Qxh6# 1-0


[Site "https://www.chess.com"]

[Event "Titled Tuesday Blitz August 15 Early 2023"]
[White "Grossboss19"]
[Black "Buscar, Michael"]
[BlackFideId "2603616"]
[WhiteElo "2541"]
[BlackElo "2412"]
[Result "1-0"]
[Round "6"]
[TimeControl "180+1"]
[Date "2023.08.15"]
[WhiteClock "0:00:31"]
[BlackClock "0:00:22"]
[Board "109"]

1. c4 Nf6 2. Nc3 e6 3. e4 c5 4. Nf3 d6 5. g3 b6 6. d4 cxd4 7. Nxd4 Bb7 8. Bg2 Be7 9. O-O a6 10. b3 O-O 11. Bb2 Nbd7 12. Re1 Re8 13. Kh1 Qc7 14. f4 Rac8 15. Rc1 Qb8 16. g4 e5 17. Nf5 exf4 18. g5 Nxe4 19. Nxe4 Ne5 20. Nxe7+ Rxe7 21. Nxd6 f3 22. Bxe5 fxg2+ 23. Kg1 Rd8 24. Qd4 h6 25. gxh6 Rxe5 26. Qxe5 f6 27. Qe7 1-0


[Site "https://www.chess.com"]

[Event "Titled Tuesday Blitz August 15 Early 2023"]
[White "Vafin, Ayrat"]
[Black "Jaskolka, Tomasz"]
[WhiteFideId "4146530"]
[BlackFideId "1170791"]
[WhiteElo "2402"]
[BlackElo "2540"]
[Result "0-1"]
[Round "6"]
[TimeControl "180+1"]
[Date "2023.08.15"]
[WhiteClock "0:00:20"]
[BlackClock "0:00:56"]
[Board "110"]

1. Nf3 d5 2. g3 Nd7 3. d4 Nb6 4. Bg2 Bf5 5. O-O c6 6. a4 a5 7. Nc3 e6 8. Nh4 Bg6 9. e4 Nf6 10. Nxg6 hxg6 11. Bg5 Be7 12. Bxf6 Bxf6 13. exd5 Nxd5 14. Nxd5 cxd5 15. c4 O-O 16. cxd5 exd5 17. Qb3 Bxd4 18. Bxd5 Rb8 19. Rad1 Qf6 20. Rd3 b6 21. Rf3 Qe7 22. Qd3 Qc5 23. Bb3 Qd6 24. Rd1 Rbd8 25. Qc4 Qc5 26. Rxf7 Qxc4 27. Rxf8+ Kxf8 28. Bxc4 Bxf2+ 29. Kxf2 Rxd1 30. Ke3 Ke7 31. b3 Kf6 32. h4 Ke5 33. Bf7 Rd6 34. Bc4 g5 35. hxg5 Kf5 36. g6 Kxg6 37. Ke4 Kg5 38. Kf3 Kf5 39. Kf2 Ke4 40. Ke2 Kd4 41. Kd2 Rg6 42. Ke2 Rxg3 0-1


[Site "https://www.chess.com"]

[Event "Titled Tuesday Blitz August 15 Early 2023"]
[White "Kaminski, Victor"]
[Black "Grebeniuk, Semen"]
[WhiteFideId "1131630"]
[BlackFideId "14117509"]
[WhiteElo "2301"]
[BlackElo "2533"]
[Result "0-1"]
[Round "6"]
[TimeControl "180+1"]
[Date "2023.08.15"]
[WhiteClock "0:00:00"]
[BlackClock "0:00:49"]
[Board "111"]

1. e4 c5 2. Nf3 Nc6 3. Bb5 g6 4. O-O Bg7 5. Re1 e5 6. d3 Nge7 7. c3 O-O 8. a4 h6 9. Be3 d6 10. Qc1 Kh7 11. h4 a6 12. Bxc6 Nxc6 13. h5 gxh5 14. g3 f5 15. exf5 Bxf5 16. Nh4 Bxd3 17. Qd1 e4 18. Qxh5 Qf6 19. Nd2 Ne5 20. Bf4 d5 21. Kg2 Ng6 22. Nxg6 Qxg6 23. Rh1 d4 24. cxd4 cxd4 25. Qxg6+ Kxg6 26. Rhe1 Rfe8 27. Rac1 Rad8 28. Rc7 b5 29. Rc6+ Kh7 30. Rxa6 bxa4 31. Rxa4 Rd5 32. Ra7 Kg8 33. Rh1 e3 34. fxe3 dxe3 35. Nf3 e2 36. Kf2 Be4 37. Re1 Bd3 38. Nh4 Bd4+ 39. Be3 Bxe3+ 0-1


[Site "https://www.chess.com"]